 Dungeon Crawl Stone Soup version 0.32-a0-473-gd044c6f0f0 (webtiles) character file.

Game seed: 5564228017209316626

1311 shadowstone the Cudgeller (level 8, -2/60 HPs)
             Began as a Coglin Brigand on Feb 25, 2024.
             Was an Initiate of Hepliaklqana.
             Slain by Pikel
             ... wielding a +0 whip of electrocution
              (3 damage)
             ... on level 6 of the Dungeon.
             The game lasted 00:16:50 (7132 turns).

shadowstone the Cudgeller (Coglin Brigand)          Turns: 7132, Time: 00:16:53

Health: -2/60      AC: 13    Str: 14    XL:     8   Next: 58%
Magic:  8/8        EV:  7    Int: 10    God:    Hepliaklqana [......]
Gold:   283        SH:  5    Dex: 16    Spells: 7/7 levels left

rFire   . . .        p - +1 flail (holy) {Frauke}
rCold   . . .        o - +2 mace (drain) {Audrea}
rNeg    . . .        y - +0 chain mail
rPois   .            g - +0 helmet
rElec   .            c - +0 cloak
rCorr   .            m - +0 pair of gloves
SInv    .            u - +0 pair of boots
Will    .....        h - amulet of reflection Stlth
                     (ring unavailable)
HPRegen 0.30/turn    (ring unavailable)
MPRegen 0.11/turn

%: reflection
@: revved
A: off-hand wielding, slow wielding, warmup strikes, no rings
a: Renounce Religion


You were on level 6 of the Dungeon.
You worshipped Hepliaklqana.
Hepliaklqana was noncommittal.
You visited 2 branches of the dungeon, and saw 7 of its levels.

You collected 283 gold pieces.

Inventory:

Hand Weapons
 a - a +2 dagger {Cashile}
 l - a +2 great sword of freezing {Gloria}
 o - a +2 mace of draining (offhand) {Audrea}
 p - a +1 flail of holy wrath (weapon) {Frauke}
 z - a +4 heavy scythe {Qinisela}
 C - a +2 glaive of distortion
 D - a +0 lajatang
Missiles
 d - 19 poisoned darts
 e - 3 curare-tipped darts
 s - 4 datura-tipped darts (quivered)
 w - 2 boomerangs
Armour
 b - a +0 robe
 c - a +0 cloak (worn)
 g - a +0 helmet (worn)
 m - a +0 pair of gloves (worn)
 n - a +0 ring mail
 q - a +0 scale mail
 u - a +0 pair of boots (worn)
 y - a +0 chain mail (worn)
Jewellery
 h - an amulet of reflection (around neck)
Scrolls
 i - 2 scrolls of poison
 j - 3 scrolls of identify
 v - a scroll of blinking
 A - a scroll of fog
Potions
 f - 3 potions of curing {unknown}
 k - a potion of brilliance {unknown}
 r - 2 potions of attraction {unknown}
 t - a potion of haste {unknown}
 x - a potion of might {unknown}
 B - a potion of heal wounds {unknown}


   Skills:
 + Level 3.9 Fighting
 + Level 2.4 Short Blades
 + Level 6.0 Maces & Flails
 + Level 2.2 Throwing
 + Level 3.5 Armour
 + Level 2.1 Dodging
 + Level 4.5 Stealth
 + Level 1.1 Shields


You had 7 spell levels left.
You didn't know any spells.
Your spell library contained the following spells:

 Spells                   Type           Power      Damage    Failure   Level
 Apportation              Tloc           0%         N/A       99%         1
 Necrotise                Necr           0%         1d4       99%         1
 Sting                    Conj/Alch      0%         1d3       99%         1
 Summon Small Mammal      Summ           0%         N/A       99%         1
 Tukima's Dance           Hex            0%         N/A       100%        3
 Dimensional Bullseye     Hex/Tloc       0%         N/A       100%        4
 Iskenderun's Mystic Bla  Conj/Tloc      0%         2d3       100%        4


Dungeon Overview and Level Annotations

Branches:
Dungeon (6/15)             Temple (1/1) D:4

Altars:
Ashenzari
Cheibriados
Dithmenos
Elyvilon
Fedhas
Gozag
Hepliaklqana
Kikubaaqudgha
Makhleb
Nemelex Xobeh
Okawaru
Qazlal
Ru
Sif Muna
Trog
Uskayaw
Vehumet
Wu Jian
Xom
Yredelemnul
Zin
The Shining One
Lugonu

Shops:
D:3 *

Portals:
Abyss: D:1 D:4

Annotations:
D:1 2 runed translucent doors
D:4 2 transporters, Livid's ghost, novice CoFi
D:6 Pikel


Innate Abilities, Weirdness & Mutations

You can wield a second weapon in your off-hand.
It takes a long time for you to wield or remove held weapons.
Your first few attacks do less damage.
Your grasper-arms cannot wear rings.


Message History

You sock the lemure with your +1 flail of holy wrath!
You kill the lemure!
That felt strangely unrewarding.
Pikel hits you but does no damage. The orc hits you but does no damage.
The lemure hits you.
* * * LOW HITPOINT WARNING * * *
You barely miss the orc with your +2 mace of draining.
The orc is heavily wounded.
You barely miss the orc with your +1 flail of holy wrath.
Pikel hits you with a +0 whip of electrocution.
* * * LOW HITPOINT WARNING * * *
The orc hits you but does no damage. The lemure hits you but does no damage.
You hit the orc with your +1 flail of holy wrath.
The orc is severely wounded.
You hit the orc with your +2 mace of draining.
You kill the orc!
Pikel hits you with a +0 whip of electrocution.
* * * LOW HITPOINT WARNING * * *
The lemure hits you but does no damage.
You barely miss Pikel with your +2 mace of draining.
You hit Pikel with your +1 flail of holy wrath.
You block Pikel's attack. The lemure hits you but does no damage.
You barely miss Pikel with your +1 flail of holy wrath.
Pikel is lightly wounded.
You closely miss Pikel with your +2 mace of draining.
Pikel hits you but does no damage. The lemure hits you but does no damage.
You sock Pikel with your +2 mace of draining!
You drain Pikel.
Pikel is moderately wounded.
You hit Pikel but do no damage.
Pikel hits you with a +0 whip of electrocution.
* * * LOW HITPOINT WARNING * * *
The lemure barely misses you.
You sock Pikel with your +2 mace of draining!
Pikel is heavily wounded.
You hit Pikel with your +1 flail of holy wrath.
Pikel cracks his whip.
Pikel hits you with a +0 whip of electrocution.
You die...
Pikel says, "Another soul for the market."
Hepliaklqana delivers you to your ancestors.

#......# ###....#
###########
##...#
#.......... #..##
#.......... ##.##
#.........$ #..#
#.......... ##.#
#.......... #.##
#.......... #..#
#..@.......
###.###.5)K......
#[........)......
#....#.##########
#....#...
#....####..
#.......# ...
###.....# ..
#.....# .


You could see Pikel (drained) and a lemure.

Vanquished Creatures
  Prince Ribbit (D:6)
  Sigmund (D:5)
  A black bear (D:5)
  A sky beast (D:6)
  A centaur (D:5)
  3 lemures (D:6)
  Blork the orc (D:6)
  2 scorpions
  4 bombardier beetles
  A hound (D:5)
  An orc priest (D:3)
  3 sleepcaps
  An iguana (D:5)
  An orc wizard (D:6)
  4 gnolls (D:5)
  2 adders
  A shadow imp (D:6)
  A white imp (D:6)
  5 dart slugs
  4 ribbon worms
  6 orcs
  3 bats
  8 endoplasms
  6 giant cockroaches
  4 goblins
  6 hobgoblins
  3 jackals
  9 kobolds
  6 quokkas
  11 ball pythons
  5 frilled lizards
  4 rats
110 creatures vanquished.

Notes
Turn   | Place    | Note
-------+----------+-------------------------------------------
     0 | D:1      | shadowstone the Coglin Brigand began the quest for the Orb.
     0 | D:1      | Reached XP level 1. HP: 16/16 MP: 1/1
   163 | D:1      | Found a large runed translucent door.
   163 | D:1      | Found a large runed translucent door.
   173 | D:1      | Found a one-way gate to the infinite horrors of the Abyss.
   173 | D:1      | Noticed a quasit
   173 | D:1      | Noticed a crimson imp
   173 | D:1      | Noticed a quasit
   174 | D:1      | Noticed a quasit
   174 | D:1      | Noticed an iron imp
   176 | D:1      | Noticed a quasit
   178 | D:1      | Found a corrupted altar of Lugonu.
   178 | D:1      | Noticed a crimson imp
   179 | D:1      | Noticed a crimson imp
   180 | D:1      | Noticed an iron imp
   180 | D:1      | Noticed a crimson imp
   182 | D:1      | Noticed a crimson imp
   249 | D:1      | Reached XP level 2. HP: 19/22 MP: 2/2
  1134 | D:1      | Reached skill level 1 in Dodging
  1147 | D:1      | Found a faded altar of an unknown god.
  1287 | D:1      | Reached XP level 3. HP: 25/27 MP: 3/3
  2406 | D:2      | Reached XP level 4. HP: 32/33 MP: 4/4
  2932 | D:3      | Found an iron altar of Okawaru.
  3029 | D:3      | Reached skill level 1 in Maces & Flails
  3029 | D:3      | Reached XP level 5. HP: 31/39 MP: 5/5
  3180 | D:3      | Reached skill level 1 in Armour
  3507 | D:3      | Found Vuazauji's Assorted Antiques.
  3631 | D:4      | Found a staircase to the Ecumenical Temple.
  3655 | Temple   | Entered the Ecumenical Temple
  3772 | Temple   | Became a worshipper of Hepliaklqana the Forgotten
  4057 | D:4      | Noticed Livid's ghost (novice CoFi)
  4080 | D:4      | Found a transporter.
  4106 | D:4      | Found a transporter.
  4690 | D:4      | Reached skill level 2 in Maces & Flails
  5325 | D:5      | Entered Level 5 of the Dungeon
  5355 | D:5      | Reached XP level 6. HP: 41/46 MP: 6/6
  5483 | D:5      | Reached skill level 3 in Maces & Flails
  5954 | D:5      | Noticed a black bear
  5964 | D:5      | Killed a black bear
  5965 | D:5      | Reached skill level 4 in Maces & Flails
  5965 | D:5      | Reached XP level 7. HP: 51/52 MP: 7/7
  6031 | D:5      | Noticed Sigmund
  6042 | D:5      | Killed Sigmund
  6531 | D:6      | Noticed Prince Ribbit
  6531 | D:6      | Noticed Blork the orc
  6535 | D:6      | Killed Blork the orc
  6536 | D:6      | Reached skill level 5 in Maces & Flails
  6556 | D:6      | Killed Prince Ribbit
  6557 | D:6      | Reached skill level 1 in Shields
  6557 | D:6      | Reached XP level 8. HP: 43/59 MP: 8/8
  7108 | D:6      | Noticed Pikel
  7116 | D:6      | Reached skill level 6 in Maces & Flails
  7128 | D:6      | HP: 3/60 [Pikel/+0 whip of electrocution (2)]
  7131 | D:6      | HP: 1/60 [Pikel/+0 whip of electrocution (3)]
  7132 | D:6      | Slain by Pikel

Illustrated notes

Levels and vault maps discovered:
D:1:      erik_arrival_cave_to_civilisation [erik_arrival_cave_to_temple],
          layout_loops_ring, ebering_ecumenical_altar_hall
D:2:      layout_basic
D:3:      layout_rooms, okawaru_trees_2, serial_shops,
          nicolae_shop_back_alley_shop
D:4:      layout_layer_cave, minmay_temple_entry_slanted,
          gammafunk_ghost_abyssal_escape
D:5:      layout_rooms, uniq_sigmund
D:6:      layout_basic, serial_shops, nicolae_shop_tiny_real_fake_doors,
          uniq_prince_ribbit1, uniq_pikel, uniq_blork_the_orc
Temple:   minmay_crystal_snake_temple

Skill      XL: |  1  2  3  4  5  6  7  8 |
---------------+-------------------------+-----
Dodging        | 1 2 |  2.1
Short Blades   | 2 |  2.4
Stealth        | 4 |  4.5
Maces & Flails | 1 2 4 5 6 |  6.0
Armour         | 1 3 |  3.5
Fighting       | 3 |  3.9
Throwing       | 2 |  2.2
Shields        | 1 |  1.1

Action                     |  1- 3 |  4- 6 |  7- 9 || total
---------------------------+-------+-------+-------++-------
  Melee: Dagger            |   116 |    41 |       ||   157
         Mace              |    13 |   115 |    65 ||   193
         Flail             |       |    60 |    65 ||   125
  Throw: Dart              |       |       |     6 ||     6
    Use: Scroll            |       |     7 |       ||     7
   Stab: Sleeping          |    10 |       |       ||    10
 Armour: Robe              |    59 |       |       ||    59
         Ring mail         |     4 |    60 |       ||    64
         Scale mail        |       |    54 |     1 ||    55
         Chain mail        |       |       |    87 ||    87
  Dodge: Dodged            |    48 |   102 |    31 ||   181
  Block: Other             |       |    25 |    21 ||    46
         Reflection        |       |     3 |     1 ||     4

Table legend: (Time is in decaauts)
 A = Elapsed time spent in this place.
 B = Non-inter-level travel time spent in this place.
 C = Inter-level travel time spent in this place.
 D = Time resting spent in this place.
 E = Time spent auto-exploring this place.
 F = Levels seen in this place.
 G = Mean time per level.
                   A        B        C        D        E       F      G
               +--------+--------+--------+--------+--------+-----+--------+
         Total |   7155 |   6975 |    180 |   2238 |   1948 |   7 | 1022.1 |
       Dungeon |   6997 |   6817 |    180 |   2238 |   1948 |   6 | 1166.2 |
        Temple |    158 |    158 |      0 |      0 |      0 |   1 |  158.0 |
               +--------+--------+--------+--------+--------+-----+--------+

Top non-repeatable levels by time:
     D:4: 1624 daAuts
     D:1: 1455 daAuts
     D:2: 1266 daAuts
     D:5: 1195 daAuts
     D:3: 830 daAuts
     D:6: 624 daAuts
  Temple: 158 daAuts
